 Dungeon Crawl Stone Soup version 0.29.0-11-gd7f09526c8 (webtiles) character file.

Game seed: 6648808345233921447

55974 concernfroge the Skirmisher (level 14, -6/110 HPs)
             Began as a Mummy Monk on Sept 3, 2022.
             Was a High Priest of Okawaru.
             Mangled by a two-headed ogre
             ... wielding a +0 giant club
              (11 damage)
             ... on level 1 of the Orcish Mines.
             The game lasted 01:15:56 (18704 turns).

concernfroge the Skirmisher (Mummy Monk)           Turns: 18704, Time: 01:15:56

Health: -6/110     AC: 27    Str: 16    XL:     14   Next: 40%
Magic:  14/15      EV: 16    Int: 11    God:    Okawaru [*****.]
Gold:   675        SH: 26    Dex: 32    Spells: 13/13 levels left

rFire   x . .      SeeInvis +   b - +4 sling (freeze)
rCold   + . .      Faith    .   q - +2 tower shield {AC+3}
rNeg    + + +      Spirit   .   d - +5 scale mail "Piblix" {Dex+7}
rPois   ∞          Reflect  .   t - +1 helmet
rElec   .          Harm     .   e - +0 cloak
rCorr   .          Rampage  .   i - +1 pair of gloves {Dex+3}
Will    +....                   u - +1 pair of boots of the Blessed Realm {rPois rN+}
Stlth   +++.......              l - amulet of regeneration
HPRegen 1.08/turn               j - +6 ring of dexterity
MPRegen 0.14/turn               v - ring of see invisible

@: heroic
A: cold resistance 1, negative energy resistance 3, torment resistance 2, heat
vulnerability 1, in touch with death 2, no potions
a: Renounce Religion, Heroism, Finesse, Duel


You were on level 1 of the Orcish Mines.
You worshipped Okawaru.
Okawaru was extremely pleased with you.
You visited 4 branches of the dungeon, and saw 20 of its levels.
You also visited: Bailey.

You collected 1371 gold pieces.
You spent 696 gold pieces at shops.

Inventory:

Hand Weapons
 b - a +4 sling of freezing (weapon)
Missiles
 c - 23 poisoned darts
 m - 5 boomerangs
 p - 10 javelins
 B - 2 curare-tipped darts
 C - 3 silver javelins
 D - 2 throwing nets
Armour
 d - the +5 scale mail "Piblix" (worn) {Dex+7}
   (Okawaru gifted it to you on level 12 of the Dungeon)

   Dex:       It affects your dexterity (+7).
 e - a +0 cloak (worn)
 i - a +1 pair of gloves of dexterity (worn)
 k - a scarf of harm
 q - a +2 tower shield of protection (worn)
 t - a +1 helmet (worn)
 u - the +1 pair of boots of the Blessed Realm (worn) {rPois rN+}
   (You found it on level 6 of the Dungeon)

   rPois:     It protects you from poison.
   rN:        It protects you from negative energy.
 y - a +0 ring mail of fire resistance
Jewellery
 g - a ring of ice
 j - a +6 ring of dexterity (left hand)
 l - an amulet of regeneration (around neck)
 o - a +6 ring of strength
 r - a ring of protection from fire
 v - a ring of see invisible (right hand)
 x - a +4 ring of protection
Wands
 a - a wand of polymorph (13)
 h - a wand of flame (32)
 w - a wand of iceblast (1)
 A - a wand of paralysis (8)
Scrolls
 f - a scroll of teleportation
 n - 6 scrolls of identify
 s - 5 scrolls of immolation
 z - 4 scrolls of silence


   Skills:
 - Level 10.0(15.0) Fighting
 - Level 2.4(7.4) Polearms
 - Level 14.0(19.0) Ranged Weapons
 - Level 10.0(15.0) Armour
 - Level 4.0(9.0) Dodging
 - Level 1.5(6.5) Stealth
 - Level 10.0(15.0) Shields
 + Level 2.3 Invocations
 + Level 1.7 Evocations


You had 13 spell levels left.
You didn't know any spells.
Your spell library contained the following spells:

 Spells                   Type           Power      Damage    Failure   Level
 Shock                    Conj/Air       0%         1d3       97%         1
 Sting                    Tmut/Pois      0%         1d3       97%         1
 Blink                    Tloc           0%         N/A       99%         2
 Lesser Beckoning         Tloc           0%         N/A       100%        3
 Stone Arrow              Conj/Erth      0%         3d7       100%        3
 Swiftness                Air            0%         N/A       100%        3
 Airstrike                Air            0%         2d(0-16)  100%        4
 Fulminant Prism          Conj/Hex       0%         3d6       100%        4
 Iskenderun's Mystic Bla  Conj/Tloc      0%         2d3       100%        4
 Lee's Rapid Deconstruct  Erth           0%         3d5*      100%        5
 Manifold Assault         Tloc           0%         N/A       100%        5
 Lehudib's Crystal Spear  Conj/Erth      0%         10d2      100%        8
 Animate Armour           Summ/Erth      Unusable   N/A       N/A         4

Dungeon Overview and Level Annotations

Branches:
Dungeon (12/15)            Temple (1/1) D:6            Lair (5/5) D:10
 Shoals (0/4) Lair:2       Spider (0/4) Lair:2        Slime (0/5) Lair:5
    Orc (2/2) D:11         Bailey (visited)
    Elf: Orc:2

Altars:
Ashenzari
Cheibriados
Dithmenos
Fedhas
Gozag
Hepliaklqana
Kikubaaqudgha
Makhleb
Nemelex Xobeh
Okawaru
Qazlal
Ru
Sif Muna
Trog
Uskayaw
Vehumet
Wu Jian
Xom
Yredelemnul

Shops:
D:2 [   D:6 *   D:7 =   D:8 [   Orc:1 (

Annotations:
D:10 3 runed translucent doors, Splishie's ghost, novice DrEE


Innate Abilities, Weirdness & Mutations

You are immune to poison.
Your flesh is cold resistant. (rC+)
You are immune to negative energy. (rN+++)
You are immune to unholy pain and torment.
You are vulnerable to heat. (rF-)
You are strongly in touch with the powers of death.
You do not drink.


Message History

The two-headed ogre is almost dead.
You block the ogre's attack. You block the deep troll's attack.
The deep troll claws you! The deep troll misses you.
The two-headed ogre hits you with a +0 giant club!
The two-headed ogre hits you but does no damage.
Okay, then.
Aiming: Paralyse
Press: ? - help, Shift-Dir - straight line, f - ogre, p - two-headed ogre
Aim: an ogre, wielding a +0 giant club (chance to affect: 53%)
The ogre suddenly stops moving!
The deep troll barely misses you. You block the deep troll's attack.
The deep troll claws you!
* * * LOW HITPOINT WARNING * * *
The two-headed ogre hits you with a +0 giant club!
* * * LOW HITPOINT WARNING * * *
You block the two-headed ogre's attack.
Aiming: Paralyse
Press: ? - help, Shift-Dir - straight line, f - two-headed ogre, p - ogre
Aim: a two-headed ogre, wielding a +0 giant club and a +0 giant spiked club (severely wounded, chance to affect: 36%)
Okay, then.
Fire: b) +4 sling (freeze)
Press: ? - help, Q - select action, (/) - cycle Shift-Dir - straight line, f - two-headed ogre, p - ogre
Aim: a two-headed ogre, wielding a +0 giant club and a +0 giant spiked club (severely wounded, 86% to hit)
You shoot a sling bullet.
The sling bullet hits the two-headed ogre.
The sling bullet freezes the two-headed ogre.
The two-headed ogre is almost dead.
The deep troll bites you!
* * * LOW HITPOINT WARNING * * *
You block the deep troll's attack. The deep troll completely misses you.
Okay, then.
Okay, then.
Fire: b) +4 sling (freeze)
Press: ? - help, Q - select action, (/) - cycle Shift-Dir - straight line, f/p - two-headed ogre
Aim: a two-headed ogre, wielding a +0 giant club and a +0 giant spiked club (almost dead, 86% to hit)
You shoot a sling bullet.
The sling bullet hits the two-headed ogre.
The sling bullet freezes the two-headed ogre.
The two-headed ogre is almost dead.
The two-headed ogre hits you with a +0 giant club!
You die...

###...######((.#..####
###.....##.#(..#..#..#####
#..........#...#......#..###
........##.#.(.#.....#.....##
#..........#..(#...#........#
#..........##∩##........##.##
##......................####
##............)T[#.#..##
#..........#..)@)......#
##............OO[.....##
##..#.......###......##
##....##.#..####..#....##
#......##.#####.........##
##.....#...###.[.........#
#...........#.).........##
##.............).#...#...#
#.........#..#...##)###.##


You could see a two-headed ogre, a deep troll and an ogre (paralysed).

Vanquished Creatures
  Kirke (D:12)
  5 hydras
  6 two-headed ogres
  3 boulder beetles
  An ogre mage (Orc:1)
  8 death yaks
  A tengu warrior (D:12)
  A deep troll (Lair:2)
  An orc knight (Bailey)
  4 manticores
  3 cyclopes
  6 black mambas
  10 cane toads
  Psyche (D:10)
  4 rime drakes
  An unseen horror (D:12)
  9 komodo dragons
  3 polar bears
  7 trolls
  A meliai (D:12)
  4 hornets (Lair:5)
  A wind drake (Lair:2)
  A slime creature (D:12)
  A dream sheep (Lair:5)
  28 blink frogs
  A vampire (D:10)
  13 spriggans
  3 shadows
  35 yaks
  3 wyverns
  3 humans (D:12)
  2 basilisks
  4 wraiths
  Menkaure (D:6)
  A warg (Orc:1)
  An acid dragon (D:12)
  14 water moccasins
  14 orc warriors
  2 ice beasts
  3 sky beasts
  6 black bears
  10 ogres
  23 wolves
  4 boggarts
  6 centaurs
  3 kobold brigands
  4 phantoms
  9 bullfrogs
  A necrophage (D:4)
  3 scorpions
  4 wights (D:7)
  A killer bee (D:10)
  A howler monkey (D:10)
  4 hounds
  10 orc priests
  2 gnoll boudas
  Jessica (D:3)
  2 iguanas (D:6)
  23 orc wizards
  10 gnolls
  7 adders
  A shadow imp (D:5)
  A white imp (D:6)
  An ufetubus (D:7)
  5 dart slugs
  66 orcs
  5 ball pythons
  6 bats
  5 endoplasms
  A giant cockroach (D:1)
  10 hobgoblins
  4 jackals (D:3)
  17 kobolds
  4 quokkas
  3 training dummies (Orc:1)
  2 frilled lizards (D:1)
  3 goblins
  3 rats
482 creatures vanquished.

Vanquished Creatures (others)
  31 fungi
  50 plants
81 creatures vanquished.

Grand Total: 563 creatures vanquished

Notes
Turn   | Place    | Note
-------+----------+-------------------------------------------
     0 | D:1      | concernfroge the Mummy Monk began the quest for the Orb.
     0 | D:1      | Reached XP level 1. HP: 18/18 MP: 1/1
   459 | D:1      | Reached XP level 2. HP: 14/24 MP: 2/2
   640 | D:1      | Found a faded altar of an unknown god.
   683 | D:1      | Got Plato's Grimoire of Permutations
  1264 | D:1      | Gained mutation: You are in touch with the powers of death.
                  | [Mummy growth]
  1264 | D:1      | Reached XP level 3. HP: 26/30 MP: 3/3
  1733 | D:2      | Found Jebirr's Antique Armour Boutique.
  2338 | D:2      | Found a hide-covered altar of Uskayaw.
  2716 | D:3      | Reached XP level 4. HP: 38/38 MP: 4/4
  2722 | D:3      | Found a shadowy altar of Dithmenos.
  2893 | D:3      | Reached skill level 5 in Fighting
  3059 | D:3      | Noticed Jessica
  3062 | D:3      | Killed Jessica
  3068 | D:3      | Found a shimmering blue altar of Sif Muna.
  3424 | D:4      | Reached skill level 1 in Ranged Weapons
  3425 | D:4      | Reached XP level 5. HP: 24/44 MP: 5/5
  3584 | D:4      | Reached skill level 2 in Ranged Weapons
  3678 | D:4      | Reached skill level 3 in Ranged Weapons
  3678 | D:4      | Noticed a phantom
  3682 | D:4      | Killed a phantom
  3683 | D:4      | Reached XP level 6. HP: 50/51 MP: 6/6
  3726 | D:4      | Reached skill level 4 in Ranged Weapons
  3894 | D:4      | Found a burning altar of Makhleb.
  3894 | D:4      | Noticed an Executioner
  3897 | D:4      | Noticed an orange demon
  3897 | D:4      | Noticed a ynoxinul
  4324 | D:5      | Entered Level 5 of the Dungeon
  4412 | D:5      | Reached XP level 7. HP: 49/56 MP: 7/7
  4470 | D:5      | Reached skill level 5 in Ranged Weapons
  4542 | D:5      | Found an ancient bone altar of Kikubaaqudgha.
  4788 | D:5      | Reached skill level 6 in Ranged Weapons
  5108 | D:6      | Found a staircase to the Ecumenical Temple.
  5124 | D:6      | Reached XP level 8. HP: 63/63 MP: 8/8
  5128 | Temple   | Entered the Ecumenical Temple
  5128 | Temple   | Found a transporter.
  5128 | Temple   | Found a transporter.
  5130 | Temple   | Found a transporter.
  5130 | Temple   | Found a transporter.
  5199 | D:6      | Noticed Menkaure
  5212 | D:6      | Killed Menkaure
  5213 | D:6      | Reached skill level 7 in Ranged Weapons
  5324 | D:2      | Bought a shiny buckler for 142 gold pieces
  5443 | D:6      | Found an ornate altar of the Wu Jian Council.
  5542 | D:6      | Reached skill level 8 in Ranged Weapons
  5800 | D:6      | Found Wevoi's Assorted Antiques.
  5889 | D:6      | Bought a scroll labelled ITYAPA MEOZ for 27 gold pieces
  5889 | D:6      | Bought a scroll labelled VEEXTE JOICYLA for 27 gold pieces
  5932 | D:6      | Bought a scroll of identify for 54 gold pieces
  5973 | D:6      | Found a radiant altar of Vehumet.
  6010 | D:6      | Identified the +1 pair of boots of the Blessed Realm {rPois
                  | rN+}
  6061 | D:6      | Reached skill level 9 in Ranged Weapons
  6281 | D:6      | Found a bloodstained altar of Trog.
  6447 | D:7      | Reached XP level 9. HP: 49/68 MP: 9/9
  6852 | D:7      | Found Ijanu's Jewellery Shoppe.
  6951 | D:7      | Reached skill level 10 in Ranged Weapons
  7040 | D:7      | Found an iron altar of Okawaru.
  7120 | D:7      | Found an opulent altar of Gozag.
  7233 | D:7      | Became a worshipper of Warmaster Okawaru
  7233 | D:7      | Reached * piety under Okawaru
  7233 | D:7      | Reached ** piety under Okawaru
  7305 | D:8      | Reached skill level 1 in Invocations
  7419 | D:8      | Noticed a two-headed ogre
  7435 | D:8      | Killed a two-headed ogre
  7436 | D:8      | Reached skill level 11 in Ranged Weapons
  7656 | D:8      | Found Ovool's Antique Armour Shop.
  8007 | D:6      | Bought a scroll of identify for 54 gold pieces
  8102 | D:9      | Reached XP level 10. HP: 66/74 MP: 7/10
  8208 | D:9      | Reached *** piety under Okawaru
  8377 | D:9      | Found a flagged portal.
  8384 | Bailey   | Entered a bailey
  8499 | Bailey   | Noticed an orc knight
  8520 | Bailey   | Killed an orc knight
  8521 | Bailey   | Reached skill level 12 in Ranged Weapons
  9289 | D:10     | Entered Level 10 of the Dungeon
  9292 | D:10     | Identified the +1 scale mail "Bamn" {Drain SInv Stlth+}
  9386 | D:10     | Noticed a death yak
  9412 | D:10     | Reached **** piety under Okawaru
  9468 | D:10     | Reached skill level 13 in Ranged Weapons
  9587 | D:10     | Found a runed translucent gate.
  9587 | D:10     | Found a runed translucent gate.
  9587 | D:10     | Found a runed translucent gate.
  9590 | D:10     | Noticed an 11-headed hydra
  9590 | D:10     | Noticed Splishie's ghost (novice DrEE)
  9617 | D:10     | Noticed a death yak
  9618 | D:10     | Noticed a death yak
  9618 | D:10     | Noticed a death yak
  9619 | D:10     | Noticed a death yak
  9619 | D:10     | Noticed a death yak
  9619 | D:10     | Noticed a death yak
  9630 | D:10     | Killed a death yak
  9632 | D:10     | Killed a death yak
  9632 | D:10     | Reached ***** piety under Okawaru
  9633 | D:10     | Reached XP level 11. HP: 80/80 MP: 8/11
  9634 | D:10     | Killed a death yak
  9635 | D:10     | Killed a death yak
  9635 | D:10     | Killed a death yak
  9636 | D:10     | Reached skill level 14 in Ranged Weapons
  9640 | D:10     | Killed a death yak
  9649 | D:10     | Killed a death yak
  9649 | D:10     | Received a gift from Okawaru
  9701 | D:10     | Noticed a two-headed ogre
  9712 | D:10     | Killed a two-headed ogre
  9721 | D:10     | Found a staircase to the Lair.
  9806 | D:10     | Noticed Psyche
  9815 | D:10     | Killed Psyche
 10112 | D:11     | Found a staircase to the Orcish Mines.
 10596 | D:11     | Noticed a two-headed ogre
 10607 | D:11     | Killed a two-headed ogre
 10693 | D:11     | Noticed a two-headed ogre
 10699 | D:11     | Killed a two-headed ogre
 10880 | D:7      | Bought a ring of protection from fire for 350 gold pieces
 10945 | Lair:1   | Entered Level 1 of the Lair of Beasts
 11011 | Lair:1   | Noticed a boulder beetle
 11040 | Lair:1   | Killed a boulder beetle
 11125 | Lair:1   | Reached XP level 12. HP: 91/91 MP: 12/12
 12275 | Lair:2   | Reached skill level 10 in Fighting
 12405 | Lair:2   | Found a staircase to the Shoals.
 12528 | Lair:2   | Found a hole to the Spider Nest.
 12600 | Lair:2   | Noticed a five-headed hydra
 12615 | Lair:2   | Killed a five-headed hydra
 12616 | Lair:2   | Reached skill level 5 in Armour
 12845 | Lair:2   | Received a gift from Okawaru
 13282 | Lair:2   | Identified the +7 battleaxe "Vorchytusk" {pain, *Corrode
                  | Int+4} (Okawaru gifted it to you on level 2 of the Lair of
                  | Beasts)
 13282 | Lair:2   | Received a gift from Okawaru
 13311 | Lair:3   | You fall into a shaft and drop 2 floors!
 13311 | Lair:5   | Entered Level 5 of the Lair of Beasts
 13392 | Lair:5   | Noticed a seven-headed hydra
 13404 | Lair:5   | Killed a seven-headed hydra
 13585 | Lair:5   | Gained mutation: You are strongly in touch with the powers
                  | of death. [Mummy growth]
 13585 | Lair:5   | Reached XP level 13. HP: 101/103 MP: 10/13
 13649 | Lair:5   | Received a gift from Okawaru
 14167 | Lair:4   | Reached skill level 10 in Armour
 14301 | Lair:4   | Received a gift from Okawaru
 14302 | Lair:4   | Reached skill level 5 in Shields
 15992 | Lair:5   | Found a hide-covered altar of Uskayaw.
 16074 | Lair:5   | Found an ornate altar of the Wu Jian Council.
 16635 | Lair:5   | Found a staircase to the Slime Pits.
 17008 | D:12     | Reached XP level 14. HP: 79/110 MP: 11/14
 17420 | D:12     | Noticed Kirke
 17437 | D:12     | Killed Kirke
 17868 | D:12     | Identified the +5 scale mail "Piblix" {Dex+7} (Okawaru
                  | gifted it to you on level 12 of the Dungeon)
 17868 | D:12     | Received a gift from Okawaru
 18214 | Orc:1    | Entered Level 1 of the Orcish Mines
 18305 | Orc:2    | Entered Level 2 of the Orcish Mines
 18434 | Orc:1    | Found Bohowaqu's Firing Range.
 18440 | Orc:1    | Bought a throwing net for 42 gold pieces
 18560 | Orc:1    | Reached skill level 10 in Shields
 18624 | Orc:1    | Reached skill level 1 in Evocations
 18680 | Orc:1    | Paralysed by an ogre mage for 2 turns
 18703 | Orc:1    | HP: 4/110 [deep troll (15)]
 18704 | Orc:1    | Mangled by a two-headed ogre

Illustrated notes

Levels and vault maps discovered:
D:1:      lemuel_arrival_lava_pool, layout_loops_ring,
          shapermc_ecumenical_altar_rom_forum
D:2:      layout_basic, basic_altar, serial_shops, shop
D:3:      layout_loops_ring, grunt_dithmenos_smoke, tgw_sif, corexii_shack
D:4:      layout_rooms, makhleb_altar_promises_db
D:5:      layout_basic, nicolae_elyvilon_temple_path, amcnicky_altar_gilded,
          dreamdust_mushroom_princess
D:6:      layout_rooms, vehumet_altar_wand_db, lightli_temple_of_fire,
          nicolae_wu_jian_immortal_techniques, minmay_temple_entry_mist,
          serial_shops, nicolae_shop_overgrown_old_shop,
          chequers_serial_rivers_marsh, minmay_diced_spiral, uniq_menkaure
D:7:      layout_rooms, general_overflow_altar, mainiacjoe_overflow_chevrons,
          mainiacjoe_overflow_24_doors, serial_shops, nicolae_take_the_stairs
D:8:      layout_loops_cross, serial_shops, nicolae_shop_trees
D:9:      layout_roguey, enter_bailey_2
D:10:     layout_rooms, dpeg_lair_monsters, gammafunk_ghost_hydra_chop,
          minmay_fractal_squares_diagonal_5, uniq_psyche
D:11:     layout_irregular_city, orc_0_dummy
D:12:     minmay_chambers_of_sevens, layout_basic, st_stairs_6, uniq_kirke
Temple:   hellmonk_temple_divided_pantheon
Lair:1:   layout_cave_pods
Lair:2:   dreamdust_cave_troll, layout_cave_pods, minmay_shoals_entry_beasts,
          dummy_spider_entry
Lair:3:   layout_cave_pods
Lair:4:   layout_cave_shapes, serial_bayou_pond_c, grunt_megastairs_2
Lair:5:   minmay_lair_end_enchanted_forest, layout_regular_city,
          dpeg_slime_entry_corner, nzn_masters_of_martial_movement
Orc:1:    layout_caves, nicolae_shop_firing_range
Orc:2:    st_orc_open, layout_caves, serial_shops, nicolae_shop_waterfront,
          nicolae_shop_hallway_plus, shop, shop

Skill      XL: |  1  2  3  4  5  6  7  8  9 10 11 12 13 14 |
---------------+-------------------------------------------+-----
Fighting       | 4 5 7 10 | 10.0
Ranged Weapons | 1 3 4 6 9 11 13 14 | 14.0
Invocations    | 1 2 |  2.3
Shields        | 4 8 10 | 10.0
Armour         | 4 7 10 | 10.0
Dodging        | 4 |  4.0
Evocations     | 1 |  1.7
Polearms       | |  2.4
Stealth        | |  1.5

Action                   |  1- 3 |  4- 6 |  7- 9 | 10-12 | 13-15 || total
-------------------------+-------+-------+-------+-------+-------++-------
Melee: Spear             |   111 |       |       |       |       ||   111
       Punch             |     1 |       |       |       |       ||     1
       Sling             |       |       |       |     1 |     3 ||     4
 Fire: Sling             |    37 |   134 |   288 |   802 |  1152 ||  2413
       Shortbow          |       |       |    74 |       |       ||    74
Throw: Stone             |    17 |       |       |       |       ||    17
       Throwing net      |       |       |     1 |     1 |       ||     2
       Dart              |       |       |       |    12 |       ||    12
       Javelin           |       |       |       |     1 |       ||     1
Invok: Heroism           |       |       |     4 |    27 |    42 ||    73
Evoke: Wand              |       |       |       |     4 |     9 ||    13
  Use: Scroll            |       |     2 |     8 |    13 |     5 ||    28
 Stab: Sleeping          |     2 |       |       |       |       ||     2
       Held in net/web   |     1 |       |       |       |       ||     1
Armor: Robe              |     7 |       |       |       |       ||     7
       Ring mail         |    26 |    25 |    47 |   136 |   180 ||   414
       Scale mail        |       |       |       |       |   119 ||   119
Dodge: Dodged            |    42 |    38 |   110 |   191 |   285 ||   666
Block: Buckler           |       |       |    16 |    30 |       ||    46
       Tower shield      |       |       |       |   488 |  1085 ||  1573
